 Dungeon Sprint DCSS version 0.29.1-15-g9cfb28693d (webtiles) character file.

Game seed: 17271231720195852422

18 Groucho the Caller (level 2, -2/15 HPs)
             Began as a Deep Elf Summoner on Apr 6, 2023.
             Was a Believer of Sif Muna.
             Killed by divine providence
             ... invoked by an orc priest
              (12 damage)
             ... in the Dungeon (Sprint VII: "The Pits").
             The game lasted 00:03:05 (1050 turns).

Groucho the Caller (Deep Elf Summoner)              Turns: 1050, Time: 00:03:06

Health: -2/15      AC:  2    Str:  5    XL:     2   Next: 48%
Magic:  7/9        EV: 13    Int: 19    God:    Sif Muna [**....]
Gold:   0          SH:  0    Dex: 15    Spells: 6/9 levels left

rFire   . . .      SeeInvis .   i - +0 quarterstaff (speed)
rCold   . . .      Faith    .   (shield currently unavailable)
rNeg    . . .      Spirit   .   a - +0 robe
rPois   .          Reflect  .   (no helmet)
rElec   .          Harm     .   (no cloak)
rCorr   .          Rampage  .   (no gloves)
Will    .....      NoTele   +   (no boots)
Stlth   ++........              (no amulet)
HPRegen 0.05/turn               (no ring)
MPRegen 0.11/turn               (no ring)

@: no status effects
A: no striking features
a: Renounce Religion, Channel Magic


You were in the Dungeon.
You worshipped Sif Muna.
Sif Muna was pleased with you.
You visited 1 branch

Inventory:

Hand Weapons
 i - a +0 quarterstaff of speed (weapon)
Missiles
 l - 10 stones
Armour
 a - a +0 robe (worn)
Scrolls
 g - a scroll of blinking
 j - 5 scrolls of amnesia
 k - a scroll of summoning
Potions
 b - 5 potions of magic
 c - 6 potions of curing
 d - 6 potions of heal wounds
 e - a potion of haste
 f - 3 potions of berserk rage
 h - 2 potions of invisibility


   Skills:
 + Level 3.9 Dodging
 - Level 2.4 Stealth
 + Level 4.4 Spellcasting
 * Level 5.9 Summonings


You had 6 spell levels left.
You knew the following spells:

 Your Spells              Type           Power      Damage    Failure   Level
a - Summon Small Mammal   Summ           100%       N/A       1%          1
b - Call Imp              Summ           26%        N/A       1%          2

Your spell library contained the following spells:

 Spells                   Type           Power      Damage    Failure   Level
 Call Canine Familiar     Summ           26%        N/A       3%          3
 Summon Guardian Golem    Hex/Summ       15%        N/A       12%         3
 Summon Lightning Spire   Summ/Air       15%        N/A       36%         4


Dungeon Overview and Level Annotations

Branches:
Dungeon (1/1)

Altars:
Ashenzari
Cheibriados
Dithmenos
Elyvilon
Fedhas
Gozag
Hepliaklqana
Kikubaaqudgha
Makhleb
Nemelex Xobeh
Okawaru
Qazlal
Ru
Sif Muna
Trog
Uskayaw
Vehumet
Wu Jian
Xom
Yredelemnul
Zin
The Shining One
Jiyva
Lugonu


Message History

Your crimson imp blinks!
The orc priest invokes the aid of Beogh against you.
Pain shoots through your body!
Unknown command.
The orc priest looks satisfied for a moment.
Unknown command.
You swap places.
Unknown command.
Your crimson imp barely misses the orc priest.
The orc priest hits your crimson imp with a +0 hand axe!
Unknown command.
Unknown command.
Unknown command.
Your crimson imp hits the orc priest but does no damage.
The orc priest hits your crimson imp with a +0 hand axe.
Casting: Call Imp (safe; 1% risk of failure)
Confirm with . or Enter, or press ? or * to list all spells.
Your crimson imp barely misses the orc priest.
The orc priest barely misses your crimson imp.
The orc priest hits your quokka with a +0 hand axe.
Your crimson imp hits the orc priest.
Your quokka barely misses the orc priest.
The orc priest misses your crimson imp.
The orc priest hits your quokka with a +0 hand axe.
Your quokka dies!
Your quokka's corpse disappears in a puff of smoke!
Unknown command.
Unknown command.
Unknown command.
Casting: Summon Small Mammal (safe; 1% risk of failure)
Confirm with . or Enter, or press ? or * to list all spells.
Your crimson imp hits the orc priest.
The orc priest hits your crimson imp with a +0 hand axe!
Your crimson imp dies!
Your crimson imp disappears in a puff of smoke!
Unknown command.
The orc priest invokes the aid of Beogh against you.
Beogh smites you!
Ouch! That really hurt!
You die...

###########
_________.#
_________.#
_______...##########
##########'##........
#.?..')))'.##......#.
##########.##........
#§..@b......').......
#o#####'#####......#.
#.#.....#[[##........
#o#.....#))#####'####
#.###'###))##.......#
#o#†....#))##.......#
#.#..)..#..##.......#
#.####'##'###...<...#
#.#...†....##.......#


You could see an orc priest (ally target) and a friendly bat (summoned).

Vanquished Creatures
  An orc (D)
  A bat skeleton (D)
  A bat (D)
  2 frilled lizards (D)
5 creatures vanquished.

Vanquished Creatures (collateral kills)
  2 adder skeletons (D)
  2 orcs (D)
  A bat (D)
5 creatures vanquished.

Grand Total: 10 creatures vanquished

Notes
Turn   | Place    | Note
-------+----------+-------------------------------------------
     0 | D        | Groucho the Deep Elf Summoner began the quest for the Orb.
     0 | D        | Reached XP level 1. HP: 10/10 MP: 6/6
    13 | D        | Reached skill level 5 in Summonings
    22 | D        | Found a bloodstained altar of Trog.
    22 | D        | Found a shimmering blue altar of Sif Muna.
    22 | D        | Found a viscous altar of Jiyva.
    22 | D        | Found a hazy altar of Hepliaklqana.
    22 | D        | Found an opulent altar of Gozag.
    23 | D        | Found a glowing golden altar of the Shining One.
    23 | D        | Found a glowing silver altar of Zin.
    23 | D        | Found a basalt altar of Yredelemnul.
    23 | D        | Found a shimmering altar of Xom.
    23 | D        | Found an ornate altar of the Wu Jian Council.
    23 | D        | Found a sacrificial altar of Ru.
    23 | D        | Found a stormy altar of Qazlal.
    23 | D        | Found an iron altar of Okawaru.
    23 | D        | Found a sparkling altar of Nemelex Xobeh.
    23 | D        | Found a burning altar of Makhleb.
    23 | D        | Found a blossoming altar of Fedhas.
    23 | D        | Found a white marble altar of Elyvilon.
    23 | D        | Found a shadowy altar of Dithmenos.
    23 | D        | Found a snail-covered altar of Cheibriados.
    25 | D        | Found a radiant altar of Vehumet.
    25 | D        | Found a corrupted altar of Lugonu.
    26 | D        | Found a hide-covered altar of Uskayaw.
    26 | D        | Found an ancient bone altar of Kikubaaqudgha.
    26 | D        | Found a broken altar of Ashenzari.
    28 | D        | Became a worshipper of Sif Muna the Loreminder
   660 | D        | Reached * piety under Sif Muna
   663 | D        | Reached XP level 2. HP: 15/15 MP: 6/8
   681 | D        | Reached ** piety under Sif Muna
   780 | D        | Learned a level 2 spell: Call Imp
   780 | D        | Noticed a bullfrog
   780 | D        | Noticed a fire bat
  1050 | D        | Killed from afar by an orc priest

Illustrated notes

Levels and vault maps discovered:
D:        pitsprint [storerooms_1, entrance_room_1, metal_vault_8, armoury_2,
          mini_pit_1, grid_room_1, main_hall_1, silver_pit, the_coven_1,
          the_vestibule_1, steel_vault_4, golden_pit, hallway_of_sentries,
          crystal_vault_4, iron_vault_2, final_vault]

Skill      XL: |  1  2 |
---------------+-------+-----
Dodging        | 3 |  3.9
Summonings     | 5 |  5.9
Spellcasting   | 4 |  4.4
Stealth        | |  2.4

Action                   || total
-------------------------++-------
Melee: Quarterstaff      ||    13
 Cast: Summon Small Mamm ||    14
       Call Imp          ||     2
 Stab: Sleeping          ||     1
Armor: Robe              ||     6
Dodge: Dodged            ||    18
